 Dungeon Crawl Stone Soup version 0.25-a0-731-g0472a16d6a (webtiles) character file.

Game seed: 13828147141764797722, levelgen mode: deterministic

232 Gynju the Magician (level 5, 0/28 HPs)
             Began as a Deep Elf Wizard on Apr 9, 2020.
             Killed by nerve-wracking pain
             ... invoked by an orc priest
              (1 damage)
             ... on level 3 of the Dungeon.
             The game lasted 00:07:42 (4203 turns).

Gynju the Magician (Deep Elf Wizard)                Turns: 4203, Time: 00:07:43

Health: 0/28       AC:  4    Str:  4    XL:     5   Next: 73%
Magic:  12/15      EV: 12    Int: 24    God:
Gold:   133        SH:  0    Dex: 13    Spells: 4/15 levels left

rFire    . . .     SeeInvis .   n - +4 hand axe
rCold    . . .     Gourm    .   (no shield)
rNeg     . . .     Faith    .   c - +0 leather armour
rPois    .         Spirit   .   q - +0 helmet
rElec    .         Reflect  .   (no cloak)
rCorr    .         Harm     .   (no gloves)
MR       .....                  (no boots)
Stlth    ++........             (no amulet)
HPRegen  0.09/turn              (no ring)
MPRegen  0.14/turn              (no ring)

@: no status effects
A: no striking features
a: no special abilities


You were on level 3 of the Dungeon.
You were hungry.

You visited 1 branch of the dungeon, and saw 4 of its levels.

You collected 133 gold pieces.

Inventory:

Hand Weapons
 e - a +1 whip
 n - a +4 hand axe (weapon)
Armour
 b - a +1 hat
 c - a +0 leather armour (worn)
 q - a +0 helmet (worn)
Scrolls
 h - a scroll of noise
 i - 4 scrolls of identify {@r1}
 l - a scroll of blinking
 r - a scroll of teleportation {unknown}
 s - a scroll of fog
Potions
 a - a potion of might
 f - 2 potions of haste {unknown}
 g - a potion of resistance {unknown}
 j - a potion of ambrosia {unknown}
 m - 2 potions of curing {unknown}
 o - a potion of lignification {unknown}
 p - a potion of brilliance {unknown}
 t - a potion of magic {unknown}
Comestibles
 d - 3 rations


   Skills:
 + Level 4.1 Dodging
 + Level 4.4 Stealth
 + Level 5.8 Spellcasting
 + Level 3.2 Conjurations
 - Level 1.1 Summonings
 - Level 1.1 Translocations


You had 4 spell levels left.
You knew the following spells:

 Your Spells              Type           Power        Failure   Level  Hunger
a - Magic Dart            Conj           ###.         3%          1    None
b - Blink                 Tloc           N/A          14%         2    None
c - Call Imp              Summ           ##......     14%         2    None
d - Conjure Flame         Conj/Fire      ##......     22%         3    #......
e - Mephitic Cloud        Conj/Pois/Air  ##......     28%         3    #......

Your spell library contained the following spells:

 Spells                   Type           Power        Failure   Level  Hunger
 Slow                     Hex            #.......     22%         2    None


Dungeon Overview and Level Annotations

Branches:
Dungeon (4/15)
 Temple: D:4-7

Altars:


Message History

Casting: Magic Dart (safe; 3% risk of failure)
Confirm with . or Enter, or press ? or * to list all spells.
Aiming: Magic Dart (safe; 3% risk of failure)
Press: ? - help, Shift-Dir - straight line, f/p - orc priest
Aim: an orc priest, wielding a +0 hand axe (moderately wounded)
The magic dart hits the orc priest.
The orc priest is heavily wounded.
The orc priest calls down the wrath of Beogh upon you.
Beogh smites you!
* * * LOW HITPOINT WARNING * * *
Casting: Magic Dart (safe; 3% risk of failure)
Confirm with . or Enter, or press ? or * to list all spells.
Aiming: Magic Dart (safe; 3% risk of failure)
Press: ? - help, Shift-Dir - straight line, f/p - orc priest
Aim: an orc priest, wielding a +0 hand axe (heavily wounded)
The magic dart hits the orc priest.
The orc priest is heavily wounded.
The orc priest calls down the wrath of Beogh upon you.
Pain shoots through your body!
You die...

.#####.#.##..##.#
.###...#.##.###.#
......##.##.# #.#
.###...#.#..# #.#
.##..#.#.#.## #.#
.##.##.#.#.####.####
....##.............#
....#####..........#
....# #.......@o.#
....# ##..........#
....## #..#........#
.#...###.##........#
...#.....##........#
..#####..###.#######
..# ##.........#
#.###..####.##.##
#...#.### #..#>.#


You could see an orc priest.

Vanquished Creatures
  A worker ant (D:3)
  3 adders
  An adder skeleton (D:3)
  A dart slug (D:1)
  2 worms
  3 leopard geckos
  2 orcs
  2 giant cockroaches
  9 hobgoblins
  6 jackals
  2 quokkas (D:3)
  4 bats
  4 frilled lizards
  2 goblins
  12 kobolds
  11 rats
65 creatures vanquished.

Vanquished Creatures (collateral kills)
  An ogre (D:4)
  5 adders
  2 orcs
  A bat (D:3)
  A goblin (D:1)
  A hobgoblin (D:3)
  5 jackals
  A frilled lizard (D:3)
17 creatures vanquished.

Grand Total: 82 creatures vanquished

Notes
Turn   | Place    | Note
-------+----------+-------------------------------------------
     0 | D:1      | Gynju the Deep Elf Wizard began the quest for the Orb.
     0 | D:1      | Reached XP level 1. HP: 10/10 MP: 7/7
    24 | D:1      | You fall into a shaft and drop 1 floor!
   307 | D:1      | Reached XP level 2. HP: 7/15 MP: 2/9
   311 | D:1      | Learned a level 2 spell: Blink
   314 | D:1      | Learned a level 2 spell: Call Imp
  1180 | D:1      | Reached XP level 3. HP: 13/19 MP: 0/11
  1920 | D:2      | Reached skill level 5 in Spellcasting
  2072 | D:2      | Learned a level 3 spell: Conjure Flame
  2100 | D:2      | Reached XP level 4. HP: 24/24 MP: 3/13
  2916 | D:2      | Learned a level 3 spell: Mephitic Cloud
  3651 | D:4      | Reached XP level 5. HP: 26/28 MP: 9/14
  3725 | D:4      | Noticed an ogre
  3733 | D:4      | Killed an ogre
  4202 | D:3      | HP: 1/28 [orc priest/divine providence (12)]
  4203 | D:3      | Killed from afar by an orc priest

Levels and vault maps discovered:
D:1:      lemuel_arrival_broad_hall, layout_basic, minmay_split_cup_large
D:2:      layout_rooms
D:3:      layout_rooms
D:4:      layout_basic, tso_metal_star, minmay_temple_entry_glass, uniq_sigmund,
          uniq_natasha

Skill      XL: |  1  2  3  4  5 |
---------------+----------------+-----
Stealth        | 3 4 |  4.4
Dodging        | 3 4 |  4.1
Conjurations   | 2 3 |  3.2
Spellcasting   | 5 |  5.8
Summonings     | |  1.1
Translocations | |  1.1

Action                   |  1- 3 |  4- 6 || total
-------------------------+-------+-------++-------
Melee: Unarmed           |     6 |       ||     6
       Whip              |    22 |     3 ||    25
       Hand axe          |       |     4 ||     4
 Cast: Magic Dart        |   111 |    95 ||   206
       Call Imp          |     8 |    14 ||    22
       Mephitic Cloud    |       |     2 ||     2
  Use: Scroll            |       |     7 ||     7
  Eat: Chunk             |     3 |     6 ||     9
Armor: Leather armour    |    30 |    15 ||    45
Dodge: Dodged            |    57 |    32 ||    89

Table legend:
 A = Non-vault XP
 B = Vault XP
 C = Vault XP percentage of total XP
 D = Non-vault monster count
 E = Vault monster count
 F = Vault count percentage of total count
                 A         B        C        D         E       F
            +---------+---------+-------+---------+---------+-------
      Total |     323 |       9 |   2.7 |      78 |       4 |   4.9
            +---------+---------+-------+---------+---------+-------
        D:1 |      37 |       9 |  19.6 |      24 |       4 |  14.3
        D:2 |      87 |       0 |   0.0 |      30 |       0 |   0.0
        D:3 |      87 |       0 |   0.0 |      20 |       0 |   0.0
        D:4 |     112 |       0 |   0.0 |       4 |       0 |   0.0
            +---------+---------+-------+---------+---------+-------
